 Dungeon Crawl Stone Soup version 0.20.0-8-g6b59dc7 (webtiles) character file.

140 JarielCorvus the Magician (level 5, -2/28 HPs)
             Began as a Deep Elf Wizard on June 1, 2017.
             Slain by Grinder (8 damage)
             ... on level 3 of the Dungeon.
             The game lasted 00:07:49 (2661 turns).

JarielCorvus the Magician (Deep Elf Wizard)         Turns: 2661, Time: 00:07:50

Health: -2/28      AC:  2    Str:  4    XL:     5   Next: 2%
Magic:  6/16       EV: 13    Int: 24    God:
Gold:   86         SH:  0    Dex: 13    Spells: 7/18 levels left

rFire    x . .     SeeInvis .   g - +1 dagger (venom)
rCold    + . .     Gourm    .   (no shield)
rNeg     . . .     Faith    .   a - +0 robe
rPois    .         Spirit   .   b - +0 hat
rElec    .         Reflect  .   (no cloak)
rCorr    .         Harm     .   (no gloves)
MR       .....                  (no boots)
Stlth    ++........             (no amulet)
Regen    0.1/turn               p - ring of ice
MPRegen  0.2/turn               (no ring)

@: lethally poisoned (-2 -> -6), very slightly contaminated
A: no striking features
a: no special abilities


You were on level 3 of the Dungeon.
You were not hungry.

You visited 1 branch of the dungeon, and saw 4 of its levels.

You collected 86 gold pieces.

Inventory:

Hand Weapons
 g - a +1 dagger of venom (weapon)
Armour
 a - a +0 robe (worn)
 b - a +0 hat (worn)
 j - a +2 plate armour of cold resistance
 q - a +0 pair of gloves
Jewellery
 p - a ring of ice (left hand)
Wands
 n - a wand of disintegration (3/24)
Scrolls
 i - a scroll of teleportation
 l - a scroll of fog
Potions
 f - a potion of lignification
 h - a potion of flight
Books
 c - a book of Minor Magic

   Spells                             Type                      Level
   a - Magic Dart                     Conjuration                  1
   b - Blink                          Translocation                2
   c - Call Imp                       Summoning                    2
   d - Slow                           Hexes                        2
   e - Conjure Flame                  Conjuration/Fire             3
   f - Mephitic Cloud                 Conjuration/Poison/Air       3
Comestibles
 d - 3 bread rations
 k - a meat ration


   Skills:
 - Level 2.4 Dodging
 - Level 2.4 Stealth
 * Level 7.1 Spellcasting
 + Level 2.7 Conjurations
 - Level 1.1 Summonings
 - Level 1.1 Translocations


You had 7 spell levels left.
You knew the following spells:

 Your Spells              Type           Power        Failure   Level  Hunger
a - Magic Dart            Conj           ###.         2%          1    None
b - Blink                 Tloc           N/A          7%          2    None
c - Call Imp              Summ           ##......     7%          2    None
d - Conjure Flame         Conj/Fire      ###.....     12%         3    None
e - Mephitic Cloud        Conj/Pois/Air  ##......     14%         3    None


Dungeon Overview and Level Annotations

Branches:
Dungeon (4/15)
 Temple: D:4-7

Altars:

Annotations:
D:3 Grinder


Message History

The ball explodes into a vile cloud!
The stinking cloud engulfs the scorpion.
You feel sick. The scorpion barely misses you.
Casting: Mephitic Cloud
Confirm with . or Enter, or press ? or * to list all spells.
Aiming: Mephitic Cloud
Press: ? - help, Shift-Dir - straight line You miscast Mephitic Cloud.
You are very lightly contaminated with residual magic.
You feel mildly nauseous. The scorpion stings you!
* * * LOW HITPOINT WARNING * * *
Casting: Mephitic Cloud
Confirm with . or Enter, or press ? or * to list all spells.
Aiming: Mephitic Cloud
Press: ? - help, Shift-Dir - straight line The ball explodes into a vile cloud!
The stinking cloud engulfs the scorpion.
* * * LOW HITPOINT WARNING * * *
You feel sick. Something hits you!
You die...

...........#..........#
...........#..........#
####.##............##.#
................#####.#
.....#.....)...%# #.#
...............>#####.#
.....#.####....#.§§.#.#
..........).....s§§...#
#####.....#....#@...###
.# #.....#....#....# .#
#.....######....# .#
#.....# #....# .#
#.....# ###....#
.####.....####......#
...........#........#
....................#
...........#....#...#


You could see a scorpion.

Vanquished Creatures
  5 adders
  An ooze (D:2)
  3 worms
  A dart slug (D:1)
  3 leopard geckos
  3 orcs (D:3)
  2 giant cockroaches
  6 goblins
  7 hobgoblins
  16 jackals
  8 kobolds
  A quokka (D:3)
  2 ball pythons (D:3)
  5 bats
  2 frilled lizards (D:1)
  5 rats
70 creatures vanquished.

Notes
Turn   | Place    | Note
-------+----------+-------------------------------------------
     0 | D:1      | JarielCorvus the Deep Elf Wizard began the quest for the Orb.
     0 | D:1      | Reached XP level 1. HP: 10/10 MP: 7/7
   128 | D:1      | Reached skill level 5 in Spellcasting
   128 | D:1      | Reached XP level 2. HP: 13/15 MP: 1/10
   398 | D:1      | Learned a level 2 spell: Blink
   401 | D:1      | Learned a level 2 spell: Call Imp
   753 | D:2      | Reached XP level 3. HP: 19/19 MP: 7/12
   758 | D:2      | Learned a level 3 spell: Conjure Flame
   762 | D:2      | Learned a level 3 spell: Mephitic Cloud
   881 | D:2      | Reached skill level 6 in Spellcasting
  1128 | D:2      | Reached XP level 4. HP: 15/24 MP: 10/14
  2027 | D:3      | Reached skill level 7 in Spellcasting
  2490 | D:4      | Noticed Grinder
  2490 | D:4      | Noticed an ogre
  2538 | D:3      | Reached XP level 5. HP: 27/28 MP: 4/16
  2661 | D:3      | Slain by Grinder

Skill      XL: |  1  2  3  4 |
---------------+-------------+-----
Spellcasting   | 5 6 7 |  7.1
Conjurations   | 2 |  2.7
Dodging        | |  2.4
Stealth        | |  2.4
Summonings     | |  1.1
Translocations | |  1.1

Action                   |  1- 3 |  4- 6 || total
-------------------------+-------+-------++-------
Melee: Dagger            |    12 |       ||    12
       Unarmed           |     5 |       ||     5
 Cast: Magic Dart        |    84 |    98 ||   182
       Mephitic Cloud    |       |     3 ||     3
  Use: Scroll            |     3 |     7 ||    10
       Potion            |       |     1 ||     1
  Eat: Chunk             |       |     5 ||     5
Armor: Robe              |     3 |     3 ||     6
Dodge: Dodged            |    20 |    27 ||    47
